 Dungeon Sprint DCSS version 0.26-a0-649-gf8c6c3aab7 (webtiles) character file.

Game seed: 364909693277199028

283 sahdkjhfkaj the Destroyer (level 6, -21/46 HPs)
             Began as an Octopode Conjurer on Sept 26, 2020.
             Was an Elder of Sif Muna.
             Demolished by a shadow wraith (25 damage)
             ... in the Dungeon (Sprint VII: "The Pits").
             The game lasted 00:03:26 (1177 turns).

sahdkjhfkaj the Destroyer (Octopode Conjurer)       Turns: 1177, Time: 00:03:27

Health: -21/46     AC:  1    Str:  7    XL:     6   Next: 28%
Magic:  8/15       EV: 13    Int: 22    God:    Sif Muna [****..]
Gold:   0          SH:  0    Dex: 10    Spells: 14/17 levels left

rFire    . . .     SeeInvis .   m - +2 quarterstaff (protect)
rCold    . . .     Faith    .   (shield currently unavailable)
rNeg     . . .     Spirit   .   (helmet restricted)
rPois    .         Reflect  .   (no amulet)
rElec    .         Harm     .   (no ring)
rCorr    .         Rampage  .   (no ring)
MR       .....     NoTele   +   (no ring)
Stlth    +++.......             (no ring)
HPRegen  0.15/turn              (no ring)
MPRegen  0.14/turn              (no ring)
                                (no ring)
                                (no ring)

@: slowed, very slow
A: almost no armour, stealthy swim, amphibious, 8 rings, constrict 8, camouflage
1, gelatinous body 1
a: Channel Magic, Forget Spell, Divine Exegesis, Renounce Religion


You were in the Dungeon.
You worshipped Sif Muna.
Sif Muna was greatly pleased with you.
You visited 1 branch

Inventory:

Hand Weapons
 m - a +2 quarterstaff of protection (weapon)
Scrolls
 g - a scroll of blinking
 i - 3 scrolls of remove curse
 j - 5 scrolls of amnesia
 k - a scroll of summoning
 l - 2 scrolls of vulnerability
Potions
 b - 6 potions of curing
 c - 2 potions of heal wounds
 d - a potion of haste
 e - 4 potions of magic
 f - 2 potions of berserk rage
 h - 2 potions of invisibility


   Skills:
 + Level 5.7 Fighting
 + Level 2.0 Dodging
 - Level 2.6 Stealth
 + Level 6.0 Spellcasting
 - Level 10.2 Conjurations


You had 14 spell levels left.
You knew the following spells:

 Your Spells              Type           Power        Failure   Level
a - Magic Dart            Conj           ####         1%          1
b - Searing Ray           Conj           ######       1%          2

Your spell library contained the following spells:

 Spells                   Type           Power        Failure   Level
 Dazzling Flash           Conj/Hex       ####..       3%          3
 Fulminant Prism          Conj/Hex       ####......   11%         4
 Iskenderun's Mystic Bla  Conj/Tloc      ####....     11%         4


Dungeon Overview and Level Annotations

Branches:
Dungeon (1/1)

Altars:
Ashenzari
Cheibriados
Dithmenos
Elyvilon
Fedhas
Gozag
Hepliaklqana
Kikubaaqudgha
Makhleb
Nemelex Xobeh
Okawaru
Qazlal
Ru
Sif Muna
Trog
Uskayaw
Vehumet
Wu Jian
Xom
Yredelemnul
Zin
The Shining One
Beogh
Jiyva
Lugonu


Innate Abilities, Weirdness & Mutations

You cannot wear most types of armour.
You are very stealthy in the water. (Stealth+)
You are amphibious.
You can wear up to eight rings at the same time.
You can use your tentacles to constrict eight enemies at once.
Your skin changes colour to match your surroundings (Stealth+).
Your rubbery body absorbs attacks. (AC +1, EV +1)


Message History

Confirm with . or Enter, or press ? or * to list all spells.
Press: ? - help, Shift-Dir - straight line The searing ray hits something! (Press . to maintain the ray.)
Something hits you!!
Unknown command.
The searing ray hits something!
Something hits you. Something drains your vigour!
You feel as though you will be slow longer.
Something hits you.
The searing ray hits something!
Something hits you! Something drains your vigour!
You feel as though you will be slow longer.
You finish channeling your searing ray.
Something hits you!
* * * LOW HITPOINT WARNING * * *
Something drains your vigour!
You feel as though you will be slow longer.
Something hits you!!
Ouch! That really hurt!
You die...

#†#....÷...##.......#
#.#........##.......#
#)###########.......#
#.†.....# #########
#.###...# #.#.....#
#.#...#.#+#
#.....#.#{+
#...###)#@#
#.......'.#
###########


There were no monsters in sight!

Vanquished Creatures
  An orc warrior (D)
  A phantom (D)
  A quasit (D)
  A worker ant (D)
  An adder (D)
  A white imp (D)
  2 ufetubi (D)
  2 oozes (D)
  A worm (D)
  A bat zombie (D)
  A goblin (D)
  A frilled lizard (D)
  2 rats (D)
16 creatures vanquished.

Notes
Turn   | Place    | Note
-------+----------+-------------------------------------------
     0 | D        | sahdkjhfkaj the Octopode Conjurer began the quest for the
                  | Orb.
     0 | D        | Reached XP level 1. HP: 11/11 MP: 3/3
   102 | D        | Found a bloodstained altar of Trog.
   102 | D        | Found a shimmering blue altar of Sif Muna.
   102 | D        | Found a viscous altar of Jiyva.
   102 | D        | Found a hazy altar of Hepliaklqana.
   102 | D        | Found an opulent altar of Gozag.
   103 | D        | Found a glowing golden altar of the Shining One.
   103 | D        | Found a glowing silver altar of Zin.
   103 | D        | Found a basalt altar of Yredelemnul.
   103 | D        | Found a shimmering altar of Xom.
   103 | D        | Found an ornate altar of the Wu Jian Council.
   103 | D        | Found a sacrificial altar of Ru.
   103 | D        | Found a stormy altar of Qazlal.
   103 | D        | Found an iron altar of Okawaru.
   103 | D        | Found a sparkling altar of Nemelex Xobeh.
   103 | D        | Found a burning altar of Makhleb.
   103 | D        | Found a blossoming altar of Fedhas.
   103 | D        | Found a white marble altar of Elyvilon.
   103 | D        | Found a shadowy altar of Dithmenos.
   103 | D        | Found a snail-covered altar of Cheibriados.
   105 | D        | Found a corrupted altar of Lugonu.
   105 | D        | Found a radiant altar of Vehumet.
   105 | D        | Found a roughly hewn altar of Beogh.
   106 | D        | Found an ancient bone altar of Kikubaaqudgha.
   106 | D        | Found a hide-covered altar of Uskayaw.
   106 | D        | Found a broken altar of Ashenzari.
   123 | D        | Became a worshipper of Sif Muna the Loreminder
   153 | D        | Noticed a worker ant
   163 | D        | Killed a worker ant
   163 | D        | Reached skill level 5 in Conjurations
   163 | D        | Reached XP level 2. HP: 14/17 MP: 1/7
   163 | D        | Reached XP level 3. HP: 17/21 MP: 1/8
   371 | D        | Learned a level 2 spell: Searing Ray
   384 | D        | Reached skill level 6 in Conjurations
   423 | D        | Reached * piety under Sif Muna
   471 | D        | Noticed a phantom
   478 | D        | Killed a phantom
   478 | D        | Reached ** piety under Sif Muna
   478 | D        | Reached skill level 8 in Conjurations
   478 | D        | Reached XP level 4. HP: 15/27 MP: 1/12
   478 | D        | Reached XP level 5. HP: 17/31 MP: 1/13
   481 | D        | Reached skill level 9 in Conjurations
   720 | D        | Reached *** piety under Sif Muna
   795 | D        | Reached skill level 10 in Conjurations
   835 | D        | Reached **** piety under Sif Muna
  1023 | D        | Noticed an orc warrior
  1028 | D        | Killed an orc warrior
  1028 | D        | Reached skill level 5 in Fighting
  1028 | D        | Reached XP level 6. HP: 46/46 MP: 9/15
  1177 | D        | Demolished by a shadow wraith

Illustrated notes

Levels and vault maps discovered:
D:        pitsprint [storerooms_1, entrance_room_1, metal_vault_1, armoury_3,
          mini_pit_1, grid_room_1, main_hall_1, silver_pit, the_coven_3,
          the_vestibule_1, steel_vault_3, golden_pit, hallway_of_sentries,
          crystal_vault_5, iron_vault_5, final_vault]

Skill      XL: |  1  2  3  4  5 |
---------------+----------------+-----
Spellcasting   | 4 6 |  6.0
Conjurations   | 5 8 10 | 10.2
Fighting       | 5 |  5.7
Dodging        | |  2.0
Stealth        | |  2.6

Action                   |  1- 3 |  4- 6 || total
-------------------------+-------+-------++-------
Melee: Quarterstaff      |     2 |     3 ||     5
       Unarmed           |     2 |       ||     2
       Constrict         |     1 |       ||     1
       Tentacles         |     1 |       ||     1
 Cast: Magic Dart        |     6 |     8 ||    14
       Searing Ray       |     4 |     7 ||    11
  Use: Potion            |     2 |     3 ||     5
Armor: Skin              |     2 |       ||     2
Dodge: Dodged            |     9 |     6 ||    15

Table legend: (Time is in decaauts)
 A = Elapsed time spent in this place.
 B = Non-inter-level travel time spent in this place.
 C = Inter-level travel time spent in this place.
 D = Time resting spent in this place.
 E = Time spent auto-exploring this place.
 F = Levels seen in this place.
 G = Mean time per level.
                   A        B        C        D        E       F      G
               +--------+--------+--------+--------+--------+-----+--------+
         Total |   1192 |   1174 |     18 |    923 |      0 |   1 | 1192.0 |
       Dungeon |   1192 |   1174 |     18 |    923 |      0 |   1 | 1192.0 |
               +--------+--------+--------+--------+--------+-----+--------+

Top non-repeatable levels by time:
       D: 1192 daAuts
